 Dungeon Crawl Stone Soup version 0.26.1-2-gb8aa6d0cf2 (webtiles) character file.

Game seed: 4423140964847499301

6677 KamiKatze the Cleaver (level 11, -4/86 HPs)
             Began as a Formicid Fighter on Mar 13, 2021.
             Was an Elder of Qazlal.
             Slain by a white ugly thing (26 damage)
             ... on level 12 of the Dungeon.
             The game lasted 00:50:05 (10452 turns).

KamiKatze the Cleaver (Formicid Fighter)           Turns: 10452, Time: 00:50:06

Health: -4/86      AC: 14    Str: 24    XL:     11   Next: 23%
Magic:  16/16      EV:  9    Int:  8    God:    Qazlal [****..]
Gold:   402        SH: 16    Dex: 10    Spells: 10/10 levels left

rFire    + . .     SeeInvis +   a - +1 war axe
rCold    . . .     Faith    .   c - +0 kite shield
rNeg     . . .     Spirit   .   u - +0 chain mail
rPois    .         Reflect  .   (helmet unavailable)
rElec    .         Harm     .   (no cloak)
rCorr    .         Rampage  .   (no gloves)
Will     +....                  v - +2 pair of boots
Stlth    ..........             (no amulet)
HPRegen  0.24/turn              l - ring of protection from fire
MPRegen  0.15/turn              t - ring of Shadows {Umbra +Inv Stlth+}

@: wreathed by umbra, repel missiles
A: permanent stasis, dig shafts and tunnels, four strong arms, antennae 3
a: Dig, Shaft Self, Renounce Religion, Evoke Invisibility, Upheaval, Elemental
Force


You were on level 12 of the Dungeon.
You worshipped Qazlal.
Qazlal was greatly pleased with you.
You visited 2 branches of the dungeon, and saw 11 of its levels.
You also visited: Sewer.

You collected 402 gold pieces.

Inventory:

Hand Weapons
 a - a +1 war axe (weapon)
 b - a +1 dagger of venom
 d - a +0 scimitar of flaming
 y - the +1 dagger of the Shining Light {freeze, Dex+3}
   (You found it on level 4 of the Dungeon)

   It has been specially enchanted to freeze those struck by it, causing extra
   injury to most foes and up to half again as much damage against particularly
   susceptible opponents.
   It can also slow down cold-blooded creatures.
   It affects your dexterity (+3).
Missiles
 g - 46 poisoned darts
 q - 4 boomerangs
 I - 2 javelins
Armour
 c - a +0 kite shield (worn)
 o - a +0 tower shield
 u - a +0 chain mail (worn)
 v - a +2 pair of boots (worn)
 F - a +0 plate armour
Jewellery
 l - a ring of protection from fire (left hand)
 n - an uncursed ring of magical power
 t - the ring of Shadows (right hand) {Umbra +Inv Stlth+}
   (You found it on level 4 of the Dungeon)

   [ring of stealth]

   It lets you turn invisible.
   It makes you more stealthy.
Wands
 h - a wand of iceblast (4)
 B - a wand of paralysis (14)
Scrolls
 e - a scroll of enchant armour {unknown}
 f - 2 scrolls of enchant weapon
 j - 6 scrolls of remove curse
 k - a scroll of fear
 r - a scroll of magic mapping
 x - a scroll of fog
 C - 2 scrolls of immolation
 D - a scroll of amnesia {unknown}
 E - a scroll of holy word
 G - a scroll of silence
Potions
 i - a potion of mutation
 p - 2 potions of flight
 s - 3 potions of curing
 w - a potion of attraction
 z - a potion of ambrosia
 A - a potion of resistance
 H - a potion of invisibility {unknown}


   Skills:
 + Level 8.0 Fighting
 * Level 9.8 Axes
 + Level 8.1 Armour
 + Level 2.1 Dodging
 - Level 9.0 Shields
 + Level 6.7 Invocations
 - Level 2.0 Evocations


You had 10 spell levels left.
You didn't know any spells.
Your spell library contained the following spells:

 Spells                   Type           Power        Failure   Level
 Corona                   Hex            0%           94%         1
 Slow                     Hex            0%           98%         2
 Inner Flame              Hex/Fire       0%           100%        3
 Portal Projectile        Hex/Tloc       0%           100%        3
 Cause Fear               Hex            0%           100%        4
 Leda's Liquefaction      Hex/Erth       0%           100%        4


Dungeon Overview and Level Annotations

Branches:
Dungeon (9/15)             Temple (1/1) D:7            Lair (0/6) D:8
  Sewer (visited)
    Orc: D:9-12

Altars:
Ashenzari
Cheibriados
Dithmenos
Elyvilon
Fedhas
Gozag
Hepliaklqana
Kikubaaqudgha
Makhleb
Nemelex Xobeh
Okawaru
Qazlal
Ru
Sif Muna
Trog
Uskayaw
Vehumet
Wu Jian
Xom
Yredelemnul
Zin
The Shining One

Shops:
D:9 *

Portals:
Abyss: D:5

Annotations:
D:5 2 transporters, gnacko's ghost, novice GnAM


Innate Abilities, Weirdness & Mutations

You cannot be hasted, slowed, berserked, paralysed or teleported.
You can dig through walls and to a lower floor.
Your four strong arms can wield two-handed weapons with a shield.
You have a pair of large antennae on your head. (SInv)


Message History

HP restored.
You see here a scale mail.
You hear a shout!
You hear two shouts!
You hear the deafening beating of a very distant drum.
You hear a horrible gurgling sound!
You sense a monster nearby.
A white ugly thing comes into view.
You hear two shouts!
You block the white ugly thing's attack.
The white ugly thing bites you. The white ugly thing freezes you!!
The white ugly thing bites you! The white ugly thing freezes you!!
* * * LOW HITPOINT WARNING * * *
The white ugly thing is struck by lightning.
The white ugly thing is engulfed in freezing vapours.
You feel much better.
The white ugly thing bites you but does no damage.
The white ugly thing bites you!
* * * LOW HITPOINT WARNING * * *
The white ugly thing freezes you!!
You die...

###...## #..
##.## #..#
##.###
....#####....#
.......#..###.#
#....[.# #
##...☼.#
#....○##
##...@○.#
#....u#.##
#...#☼.##.#
....##...#.###
...# ##.○##..#
..# #..###.# .
##..##.#
#..##.# #...#.#


You could see a white ugly thing.

Vanquished Creatures
  A two-headed ogre (D:8)
  A cyclops (D:12)
  Maggie (D:8)
  A komodo dragon (D:8)
  A yak (D:8)
  7 vampire mosquitoes
  Menkaure (D:5)
  Duvessa (D:4)
  A water moccasin (D:8)
  Purgy (Sewer)
  2 ice beasts
  An orc warrior (D:8)
  2 black bears (D:8)
  5 ogres
  A necrophage (D:7)
  4 phantoms
  4 centaurs
  8 bullfrogs
  A big kobold (D:7)
  Blork the orc (D:4)
  Dowan (D:4)
  2 scorpions (D:7)
  A quasit (D:8)
  A bullfrog zombie (D:8)
  A jelly (D:12)
  7 orc wizards
  3 centaur skeletons
  5 orc priests
  5 hounds
  A gnoll shaman (D:7)
  A bullfrog skeleton (D:7)
  3 iguanas
  6 worker ants
  A howler monkey zombie (D:8)
  10 gnolls
  7 adders
  A white imp (D:9)
  An ooze (D:3)
  2 ufetubi
  2 adder zombies
  2 adder skeletons
  2 worms
  2 dart slugs
  5 leopard geckos
  37 orcs
  6 bats
  7 giant cockroaches
  10 goblins
  6 hobgoblins
  17 jackals
  3 quokkas
  3 ball pythons
  6 frilled lizards
  A jackal skeleton (D:5)
  9 kobolds
  7 rats
229 creatures vanquished.

Vanquished Creatures (others)
  16 fungi (D:8)
  16 plants (D:8)
32 creatures vanquished.

Grand Total: 261 creatures vanquished

Notes
Turn   | Place    | Note
-------+----------+-------------------------------------------
     0 | D:1      | KamiKatze the Formicid Fighter began the quest for the Orb.
     0 | D:1      | Reached XP level 1. HP: 18/18 MP: 1/1
   223 | D:1      | Reached XP level 2. HP: 22/24 MP: 2/2
   449 | D:1      | Reached XP level 3. HP: 5/29 MP: 3/3
  1264 | D:2      | Found a stormy altar of Qazlal.
  1272 | D:2      | Became a worshipper of Qazlal Stormbringer
  1693 | D:3      | Reached XP level 4. HP: 31/37 MP: 4/4
  2097 | D:3      | Reached XP level 5. HP: 23/42 MP: 5/5
  2627 | D:4      | Reached * piety under Qazlal
  2816 | D:4      | Found the ring of Shadows {Umbra +Inv Stlth+}
  2843 | D:4      | Got a jewelled dagger
  2844 | D:4      | Identified the cursed +1 dagger of the Shining Light
                  | {freeze, Dex+3} (You found it on level 4 of the Dungeon)
  2946 | D:4      | Found a broken altar of Ashenzari.
  3062 | D:4      | Found a hide-covered altar of Uskayaw.
  3064 | D:4      | Found an opulent altar of Gozag.
  3077 | D:4      | Noticed Dowan
  3078 | D:4      | Noticed Duvessa
  3083 | D:4      | You fall into a shaft and drop 2 floors!
  3159 | D:6      | Noticed a phantom
  3166 | D:6      | Reached XP level 6. HP: 28/48 MP: 6/6
  3280 | D:6      | Killed a phantom
  3286 | D:6      | Reached skill level 5 in Shields
  3299 | D:6      | Found a glowing drain.
  3305 | Sewer    | Entered a sewer
  3377 | Sewer    | Noticed Purgy
  3391 | Sewer    | Killed Purgy
  3392 | Sewer    | Reached XP level 7. HP: 36/55 MP: 7/7
  3741 | D:6      | Reached skill level 5 in Axes
  3844 | D:6      | Reached ** piety under Qazlal
  3845 | D:6      | Reached skill level 5 in Armour
  3845 | D:6      | Reached skill level 1 in Evocations
  4430 | D:6      | Reached skill level 5 in Fighting
  4430 | D:6      | Reached XP level 8. HP: 42/62 MP: 8/8
  4628 | D:5      | Entered Level 5 of the Dungeon
  4709 | D:5      | Reached skill level 1 in Invocations
  4835 | D:5      | Found a transporter.
  4836 | D:5      | Found a one-way gate to the infinite horrors of the Abyss.
  4836 | D:5      | Noticed gnacko's ghost (novice GnAM)
  4855 | D:5      | Noticed a small abomination
  4965 | D:5      | Found a transporter.
  5020 | D:5      | Noticed Menkaure
  5242 | D:4      | Noticed Blork the orc
  5254 | D:4      | Killed Blork the orc
  5374 | D:4      | Killed Duvessa
  5385 | D:4      | Killed Dowan
  5686 | D:4      | Found a hazy altar of Hepliaklqana.
  5745 | D:4      | Found a glowing silver altar of Zin.
  5759 | D:4      | Reached XP level 9. HP: 68/68 MP: 10/10
  6045 | D:5      | Killed Menkaure
  6918 | D:5      | Found a burning altar of Makhleb.
  8043 | D:7      | Reached XP level 10. HP: 32/77 MP: 13/13
  8299 | D:7      | Reached *** piety under Qazlal
  8384 | D:7      | Reached skill level 5 in Invocations
  8421 | D:7      | Found a basalt altar of Yredelemnul.
  8467 | D:7      | Found a staircase to the Ecumenical Temple.
  8476 | Temple   | Entered the Ecumenical Temple
  8886 | D:8      | Noticed Maggie
  8961 | D:8      | Killed Maggie
  8980 | D:8      | Noticed a komodo dragon
  8983 | D:8      | Found a staircase to the Lair.
  8988 | D:8      | Killed a komodo dragon
  9044 | D:8      | Noticed a two-headed ogre
  9054 | D:8      | Killed a two-headed ogre
  9055 | D:8      | Reached skill level 1 in Dodging
  9362 | D:8      | Found a sacrificial altar of Ru.
  9409 | D:8      | Reached XP level 11. HP: 84/85 MP: 15/15
  9413 | D:8      | Reached **** piety under Qazlal
  9886 | D:9      | Found Wylovos's General Store.
 10049 | D:9      | Found a shadowy altar of Dithmenos.
 10072 | D:9      | You fall into a shaft and drop 3 floors!
 10073 | D:12     | Noticed a cyclops
 10084 | D:12     | Killed a cyclops
 10438 | D:12     | Noticed a white ugly thing
 10452 | D:12     | Slain by a white ugly thing

Illustrated notes

Levels and vault maps discovered:
D:1:      eino_arrival_cavern_d, layout_basic, minmay_3d_cube
D:2:      layout_rooms, nicolae_qazlal_eye_of_the_storm
D:3:      layout_loops_cross
D:4:      layout_basic, nzn_hepliaklqana_mist_gate,
          nicolae_overflow_crystal_walls, nicolae_overflow_hidden_temple,
          uniq_duvessa, uniq_blork_the_orc
D:5:      layout_loops_corners, lemuel_doored_altar,
          gammafunk_ghost_abyssal_escape, uniq_menkaure
D:6:      layout_loops_ring, portal_sewer_entry_e
D:7:      layout_basic, lemuel_coloured_pillars_altar, minmay_temple_entry_glass
D:8:      layout_basic, nicolae_ru_sacrificial_ziggurat,
          due_lair_maze_entry_diamond, uniq_maggie
D:9:      layout_basic, serial_shops, shop,
          nicolae_dithmenos_through_a_glass_darkly
D:12:     layout_layer_cave, ploomutoo_gammafunk_ghost_potion_laboratory,
          gauntlet_entry_generic, tgw_lugonu_bribe
Temple:   nicolae_temple_figure_eight

Skill      XL: |  1  2  3  4  5  6  7  8  9 10 11 |
---------------+----------------------------------+-----
Shields        | 4 5 6 8 9 |  9.0
Axes           | 3 4 5 6 7 9 |  9.8
Armour         | 4 5 6 7 8 |  8.1
Fighting       | 4 5 6 7 8 |  8.0
Evocations     | 2 |  2.0
Invocations    | 2 4 6 |  6.7
Dodging        | 1 2 |  2.1

Action                   |  1- 3 |  4- 6 |  7- 9 | 10-12 || total
-------------------------+-------+-------+-------+-------++-------
Melee: War axe           |   100 |   207 |   362 |   280 ||   949
Invok: Upheaval          |       |       |     2 |       ||     2
 Abil: Shaft Self        |       |     1 |       |       ||     1
       Dig               |       |       |     1 |       ||     1
  Use: Scroll            |       |    11 |     8 |     4 ||    23
       Potion            |       |       |     2 |     2 ||     4
Armor: Scale mail        |    46 |    34 |       |       ||    80
       Chain mail        |       |    55 |   165 |   112 ||   332
       Skin              |       |       |     8 |       ||     8
Dodge: Dodged            |    29 |    65 |   106 |    93 ||   293
Block: Kite shield       |    49 |   132 |   278 |   260 ||   719
